 Dungeon Crawl Stone Soup version 0.19.0-1-g5985abe (webtiles) character file.

37140 Alarkh the Cruncher (level 13, -3/83 HPs)
             Began as a Mummy Necromancer on Nov 1, 2016.
             Was a High Priest of Hepliaklqana.
             Slain by a yak (12 damage)
             ... on level 6 of the Lair of Beasts on Nov 2, 2016.
             The game lasted 00:44:53 (15818 turns).

Alarkh the Cruncher (Mummy Necromancer)            Turns: 15818, Time: 00:44:54

Health: -3/83      AC:  9    Str: 13    XL:     13   Next: 56%
Magic:  31/31      EV: 14    Int: 21    God:    Hepliaklqana [*****.]
Gold:   1003       SH:  0    Dex: 14    Spells: 3 memorised, 16 levels left

rFire  x . .     SeeInvis .     b - +0 quarterstaff (protect)
rCold  + . .     Gourm    .     p - +0 troll leather armour {Purgy}
rNeg   + + +     Faith    .     (shield currently unavailable)
rPois  ∞         Spirit   .     H - +2 helmet
rElec  .         Reflect  .     (no cloak)
rCorr  .         Harm     .     J - +0 pair of gloves "Enanas" {MP+9 Stlth+}
MR     +....                    (no boots)
Stlth  +++.......               Q - amulet "Jiriesuh" {RegenMP Str+2 Int+3}
                                L - +3 ring of slaying
                                i - +3 ring of slaying

@: no status effects
A: no food or potions, fire vulnerability, reduced essence, cold resistance 1,
negative energy resistance 3, torment resistance, unbreathing, in touch with
death 1
a: Recall Ancestor, Ancestor Identity, Transference, Idealise, Renounce Religion


You were on level 6 of the Lair of Beasts.
You worshipped Hepliaklqana.
Hepliaklqana was extremely pleased with you.
You were not hungry.

You visited 3 branches of the dungeon, and saw 16 of its levels.
You also visited: Ice Cave.

You collected 1003 gold pieces.

Inventory:

Hand Weapons
 a - a +7 lajatang
 b - a +0 quarterstaff of protection (weapon)
Armour
 j - +0 steam dragon scales
 l - the +1 ring mail of the Armoured One {rF+ MR+}
   (You found it on level 4 of the Lair of Beasts)

   It protects you from fire.
   It affects your resistance to hostile enchantments.
 p - a +0 troll leather armour (worn) {Purgy}
 H - a +2 helmet (worn)
 J - the +0 pair of gloves "Enanas" (worn) {MP+9 Stlth+}
   (You found it on level 6 of the Lair of Beasts)

   It affects your magic capacity (+9).
   It makes you more stealthy.
Magical Staves
 u - an uncursed staff of cold
 B - an uncursed staff of earth
Rods
 O - a +0 rod of shadows (12/12)
   (You found it on level 2 of the Lair of Beasts)
Jewellery
 c - an uncursed ring of protection from cold
 f - an uncursed ring of flight
 i - a +3 ring of slaying (left hand)
 n - an uncursed ring of fire
 q - an uncursed ring of protection from cold
 A - an uncursed ring of protection from magic
 C - an uncursed ring of resist corrosion {unknown}
 E - an uncursed ring of ice
 L - a +3 ring of slaying (right hand)
 Q - the amulet "Jiriesuh" (around neck) {RegenMP Str+2 Int+3}
   (You found it on level 2 of the Lair of Beasts)

   [amulet of magic regeneration]

   It increases your magic regeneration.
   It affects your strength (+2).
   It affects your intelligence (+3).
Wands
 h - a wand of confusion (31/48)
 o - a wand of paralysis (16/24)
 s - a wand of acid (4/15)
 v - a wand of teleportation (6/9)
 x - a wand of lightning (4/15)
 D - a wand of iceblast (5/15)
 I - a wand of disintegration (9/24)
Scrolls
 d - a scroll of acquirement
 e - 2 scrolls of identify
 g - a scroll of amnesia
 k - 9 scrolls of remove curse
 m - 6 scrolls of fog
 t - a scroll of magic mapping
 w - a scroll of fear
 y - a scroll of enchant armour {unknown}
 F - a scroll of summoning
 G - 4 scrolls of teleportation
 M - a scroll of blinking {unknown}
Books
 r - a book of Ice

   Spells                             Type                      Level
   a - Ice Form                       Ice/Transmutation            4
   b - Metabolic Englaciation         Hexes/Ice                    5
   c - Ozocubu's Refrigeration        Ice                          6
   d - Bolt of Cold                   Conjuration/Ice              6
   e - Freezing Cloud                 Conjuration/Ice/Air          6
   f - Simulacrum                     Ice/Necromancy               6
 z - a book of Beasts

   Spells                             Type                      Level
   a - Summon Butterflies             Summoning                    1
   b - Call Canine Familiar           Summoning                    3
   c - Summon Ice Beast               Ice/Summoning                4
   d - Summon Mana Viper              Hexes/Summoning              5
   e - Summon Hydra                   Summoning                    7


   Skills:
 + Level 5.8 Fighting
 - Level 14.0 Staves
 + Level 5.4 Armour
 + Level 5.2 Dodging
 + Level 4.3 Stealth
 - Level 6.0 Spellcasting
 - Level 8.4 Necromancy
 + Level 3.7 Invocations
 + Level 3.9 Evocations


You had 16 spell levels left.
You knew the following spells:

 Your Spells              Type           Power        Failure   Level  Hunger
a - Vampiric Draining     Necr           ######....   1%          3    N/A
c - Control Undead        Necr           ######....   4%          4    N/A
e - Pain                  Necr           ####         1%          1    N/A

Dungeon Overview and Level Annotations

Branches:
Dungeon (9/15)             Temple (1/1) D:6            Lair (6/6) D:9
  Swamp (0/4) Lair:4       Spider (0/4) Lair:3          Orc (0/2) D:9
  Slime: Lair:5-6

Altars:
Ashenzari
Cheibriados
Dithmenos
Elyvilon
Fedhas
Gozag
Hepliaklqana
Kikubaaqudgha
Makhleb
Nemelex Xobeh
Okawaru
Qazlal
Ru
Sif Muna
Trog
Uskayaw
Vehumet
Xom
Yredelemnul
Zin
The Shining One

Shops:
D:6 %   D:9 ?

Annotations:
Lair:5 Rupert
Lair:6 exclusion: plant


Innate Abilities, Weirdness & Mutations

You do not eat or drink.
Your flesh is vulnerable to fire.
You are immune to poison.
Your flesh is cold resistant. (rC+)
You are immune to negative energy. (rN+++)
You are immune to unholy pain and torment.
You can survive without breathing.
You are in touch with the powers of death.
Your life essence is reduced. (-10% HP)


Message History

The yak gores you but does no damage.
You hit the elephant.
The elephant is heavily wounded.
The elephant tramples you!
You stumble backwards!
Unknown command.
You hit the elephant.
The elephant is lightly wounded.
The elephant tramples you.
You stumble backwards!
Unknown command.
Marduk-asir points at the elephant and mumbles some strange words.
The elephant resists with almost no effort.
The yak gores you but does no damage. The yak gores you!
* * * LOW HITPOINT WARNING * * *
The yak gores you.
* * * LOW HITPOINT WARNING * * *
The yak gores you!
* * * LOW HITPOINT WARNING * * *
Marduk-asir hits the elephant with a dagger of draining.
Marduk-asir drains the elephant!
The yak gores you!
You die...

#..###...## #.... ##......##
##.... ###......###.....
###......8.........
#######....8.........#...
########....#........8.....#....
##...............8..........#....
........................8...#....
..............YY@..........###...
.............P.YY.............P..
.............P...#...............
............P.R.....P............
.....................P...........
.....................P..........Y
................................Y
..................†......[...##..
...........................#.##..


You could see the friendly Marduk-asir the hexer, 2 elephants and 2 yaks.

Vanquished Creatures
  A frost giant (IceCv)
  A catoblepas (Lair:6)
  A death yak (IceCv)
  5 elephants
  An ice statue (IceCv)
  Joseph (D:7)
  2 black mambas (Lair:4)
  6 spiny frogs
  2 rime drakes
  8 komodo dragons
  A jumping spider (Lair:3)
  Prince Ribbit (D:7)
  Grinder (D:3)
  13 polar bears (IceCv)
  6 blink frogs
  6 hippogriffs
  Sigmund (D:3)
  33 yaks
  2 wyverns
  2 basilisks
  Duvessa (D:7)
  3 water moccasins
  4 orc warriors
  3 porcupines
  An ice beast (D:7)
  Purgy (D:4)
  2 black bears
  A hornet zombie (D:6)
  A phantom (D:8)
  2 sky beasts (D:8)
  4 boggarts (Lair:4)
  A necrophage (D:7)
  6 ogres
  3 centaurs
  33 wolves
  3 crocodiles
  3 big kobolds
  12 bullfrogs
  Dowan (D:7)
  2 scorpions
  4 killer bees
  4 howler monkeys
  8 wights
  2 electric eels (Lair:3)
  3 crimson imps
  A quasit (D:7)
  A centaur skeleton (D:9)
  8 hounds
  6 orc priests
  A jelly (D:5)
  7 orc wizards
  7 gnoll shamans
  5 worker ants
  7 iguanas
  A hound zombie (D:9)
  2 hound skeletons (D:4)
  A worker ant zombie (D:5)
  13 gnolls
  13 adders
  4 shadow imps
  12 white imps (Lair:4)
  An ooze (D:7)
  2 adder zombies (D:5)
  2 worms
  2 dart slugs (D:4)
  12 leopard geckos
  31 orcs
  2 ball pythons
  8 giant cockroaches
  10 goblins
  7 hobgoblins
  11 jackals
  11 kobolds
  8 quokkas
  7 bats
  5 frilled lizards
  A jackal skeleton (D:6)
  A leopard gecko skeleton (D:4)
  A quokka zombie (D:6)
  13 rats
  2 fungi
428 creatures vanquished.

Vanquished Creatures (collateral kills)
  2 hydras
  3 spiny frogs
  A torpor snail (Lair:2)
  A rime drake (IceCv)
  A komodo dragon (Lair:4)
  A polar bear (IceCv)
  A two-headed ogre (D:9)
  A blink frog (Lair:1)
  11 yaks
  A porcupine (Lair:2)
  2 water moccasins (Lair:4)
  6 wolves
  2 ogres
  A crocodile (Lair:3)
  A big kobold (D:9)
  A bullfrog (Lair:3)
  5 killer bees (D:9)
  A howler monkey (D:7)
  2 centaur zombies
  2 hounds (D:8)
  A gnoll shaman (D:8)
  A hexer (Lair:2)
  3 iguanas
  A worker ant (D:7)
  A hound skeleton (D:8)
  6 gnolls
  3 orcs
  3 kobolds (D:9)
  2 fungi
67 creatures vanquished.

Vanquished Creatures (others)
  A blink frog (Lair:6)
  11 hexers
  5 ancestors
  13 fungi
  6 plants
36 creatures vanquished.

Grand Total: 531 creatures vanquished

Notes
Turn   | Place    | Note
-------+----------+-------------------------------------------
     0 | D:1      | Alarkh the Mummy Necromancer began the quest for the Orb.
     0 | D:1      | Reached XP level 1. HP: 13/13 MP: 3/3
   284 | D:1      | Reached XP level 2. HP: 9/19 MP: 0/5
   982 | D:1      | Found a shimmering altar of Xom.
   984 | D:1      | Found a shimmering altar of Xom.
   984 | D:1      | Found a stormy altar of Qazlal.
   986 | D:1      | Found a shimmering altar of Xom.
   986 | D:1      | Found an opulent altar of Gozag.
   986 | D:1      | Found a burning altar of Makhleb.
  1029 | D:1      | Reached XP level 3. HP: 24/24 MP: 2/7
  1034 | D:1      | Learned a level 3 spell: Vampiric Draining
  1964 | D:2      | Reached XP level 4. HP: 30/30 MP: 8/8
  1970 | D:2      | Learned a level 4 spell: Control Undead
  2186 | D:3      | Noticed Grinder
  2262 | D:3      | Reached skill level 1 in Staves
  2391 | D:3      | Paralysed by Grinder for 2 turns
  2487 | D:3      | Paralysed by Grinder for 5 turns
  2498 | D:3      | Paralysed by Grinder for 7 turns
  2499 | D:3      | Killed Grinder
  2499 | D:3      | Reached skill level 2 in Staves
  2499 | D:3      | Reached skill level 5 in Necromancy
  2499 | D:3      | Reached XP level 5. HP: 21/35 MP: 7/11
  2499 | D:3      | Reached XP level 6. HP: 25/41 MP: 7/12
  2845 | D:4      | Noticed Sigmund
  2845 | D:4      | Noticed Purgy
  2858 | D:3      | Killed Sigmund
  2987 | D:4      | Reached XP level 7. HP: 43/46 MP: 14/14
  3072 | D:4      | Killed Purgy
  3072 | D:4      | Reached skill level 3 in Staves
  3072 | D:4      | Reached skill level 5 in Spellcasting
  3678 | D:5      | Entered Level 5 of the Dungeon
  3812 | D:5      | Reached XP level 8. HP: 46/52 MP: 16/16
  4141 | D:5      | Reached skill level 4 in Staves
  4727 | D:6      | Reached skill level 5 in Staves
  5009 | D:6      | Found Toixyfroeb's Food Boutique.
  5288 | D:6      | Reached XP level 9. HP: 36/57 MP: 18/18
  5349 | D:6      | Found a staircase to the Ecumenical Temple.
  5414 | Temple   | Entered the Ecumenical Temple
  5604 | Temple   | Became a worshipper of Hepliaklqana the Forgotten
  5873 | D:7      | HP: 2/51 [orc warrior/halberd (25)]
  5975 | D:7      | Reached skill level 6 in Staves
  5977 | D:7      | Reached skill level 1 in Armour
  5981 | D:7      | Reached skill level 1 in Fighting
  6057 | D:7      | Got a twisted mace
  6058 | D:7      | Identified the +7 mace "Uggoneer" {crush, rPois rN+ Int+3} (You found it on level 7 of the Dungeon)
  6159 | D:7      | Noticed Duvessa
  6159 | D:7      | Noticed Dowan
  6168 | D:7      | Killed Duvessa
  6172 | D:7      | Killed Dowan
  6289 | D:7      | Found an iron altar of Okawaru.
  6292 | D:7      | Noticed Prince Ribbit
  6301 | D:7      | Killed Prince Ribbit
  6421 | D:7      | Reached skill level 7 in Staves
  6484 | D:7      | Noticed Joseph
  6752 | D:7      | Reached XP level 10. HP: 59/63 MP: 19/19
  7231 | D:8      | Reached * piety under Hepliaklqana
  7495 | D:7      | Killed Joseph
  7586 | D:8      | Reached skill level 8 in Staves
  8003 | D:8      | Reached ** piety under Hepliaklqana
  8004 | D:8      | Remembered your ancestor Marduk-asir as a hexer
  8863 | D:9      | Reached skill level 9 in Staves
  8874 | D:9      | Found a staircase to the Lair.
  8898 | D:9      | Found a staircase to the Orcish Mines.
  8898 | D:9      | Noticed a gargoyle
  9202 | D:9      | Found Gouptaf's Magic Scroll Shoppe.
  9454 | Lair:1   | Entered Level 1 of the Lair of Beasts
  9454 | Lair:1   | Noticed a spiny frog
  9470 | Lair:1   | Killed a spiny frog
  9470 | Lair:1   | Reached skill level 10 in Staves
  9579 | Lair:1   | Reached XP level 11. HP: 50/68 MP: 13/20
  9954 | Lair:1   | Reached *** piety under Hepliaklqana
 10055 | Lair:1   | Reached skill level 11 in Staves
 10673 | Lair:2   | Reached skill level 12 in Staves
 10900 | Lair:2   | Identified a +0 rod of shadows (12/12) (You found it on level 2 of the Lair of Beasts)
 10997 | Lair:2   | Got a wavering lead amulet
 10998 | Lair:2   | Identified the amulet "Jiriesuh" {RegenMP Str+2 Int+3} (You found it on level 2 of the Lair of Beasts)
 11553 | Lair:3   | Reached XP level 12. HP: 57/74 MP: 21/21
 11643 | Lair:3   | Reached **** piety under Hepliaklqana
 11737 | Lair:2   | Reached skill level 13 in Staves
 11873 | Lair:3   | Found a hole to the Spider Nest.
 11965 | Lair:3   | Noticed a four-headed hydra
 12004 | Lair:3   | Killed a four-headed hydra
 12263 | Lair:3   | Identified a scroll of acquirement
 12532 | Lair:3   | Reached skill level 14 in Staves
 12734 | Lair:4   | Reached skill level 1 in Evocations
 12759 | Lair:4   | Noticed a six-headed hydra
 12871 | Lair:4   | Found a frozen archway.
 12872 | Lair:4   | Got a fine ring mail
 12911 | IceCv    | Entered an ice cave
 12922 | IceCv    | Identified the +1 ring mail of the Armoured One {rF+ MR+} (You found it on level 4 of the Lair of Beasts)
 13011 | IceCv    | Reached skill level 1 in Invocations
 13552 | IceCv    | Upgraded the game from 0.19.0 to 0.19.0-1-g5985abe
 13667 | IceCv    | Gained mutation: You are in touch with the powers of death. [Mummy growth]
 13667 | IceCv    | Reached XP level 13. HP: 55/81 MP: 22/22
 13945 | IceCv    | Reached skill level 5 in Fighting
 13975 | IceCv    | Noticed a frost giant
 14018 | IceCv    | Killed a frost giant
 14506 | Lair:4   | Found a glowing golden altar of the Shining One.
 14521 | Lair:4   | Found a staircase to the Swamp.
 14694 | Lair:4   | Reached skill level 5 in Armour
 15064 | Lair:4   | Reached skill level 5 in Dodging
 15367 | Lair:5   | Noticed Rupert
 15439 | Lair:6   | Entered Level 6 of the Lair of Beasts
 15439 | Lair:6   | Reached ***** piety under Hepliaklqana
 15612 | Lair:6   | Got a pair of heavily runed gloves
 15618 | Lair:6   | Identified the +0 pair of gloves "Enanas" {MP+9 Stlth+} (You found it on level 6 of the Lair of Beasts)
 15818 | Lair:6   | Slain by a yak

Skill      XL: |  1  2  3  4  5  6  7  8  9 10 11 12 13 |
---------------+----------------------------------------+-----
Spellcasting   | 3 4 5 6 |  6.0
Staves         | 2 3 5 7 10 12 14 | 14.0
Necromancy     | 5 6 8 |  8.4
Armour         | 3 4 5 |  5.4
Fighting       | 3 4 5 |  5.8
Dodging        | 3 4 5 |  5.2
Evocations     | 2 3 |  3.9
Stealth        | 3 4 |  4.3
Invocations    | 2 3 |  3.7

Action                   |  1- 3 |  4- 6 |  7- 9 | 10-12 | 13-15 || total
-------------------------+-------+-------+-------+-------+-------++-------
Melee: Unarmed           |    11 |       |       |       |       ||    11
       Dagger            |    59 |    57 |   191 |       |       ||   307
       Great sword       |       |       |    36 |       |       ||    36
       Mace              |       |       |    83 |    36 |       ||   119
       Quarterstaff      |       |       |       |   847 |   290 ||  1137
       Lajatang          |       |       |       |    80 |    12 ||    92
 Cast: Pain              |    63 |    47 |   123 |    21 |       ||   254
       Vampiric Draining |       |     2 |    31 |   109 |    23 ||   165
       Control Undead    |       |       |     6 |       |       ||     6
Invok: Recall Ancestor   |       |       |       |     4 |     1 ||     5
       Ancestor Life: He |       |       |       |     1 |       ||     1
       Idealise          |       |       |       |       |     2 ||     2
 Abil: Evoke Flight      |       |       |       |       |     2 ||     2
       Stop Flying       |       |       |       |       |     1 ||     1
Evoke: Wand              |       |       |       |       |     1 ||     1
  Use: Scroll            |     3 |       |     7 |    12 |     1 ||    23
 Stab: Sleeping          |       |       |     2 |     7 |     1 ||    10
       Distracted        |       |       |       |    16 |     6 ||    22
       Confused          |       |       |       |     7 |     2 ||     9
Armor: Robe              |    17 |    11 |     3 |       |       ||    31
       Troll leather arm |       |       |   130 |   341 |   106 ||   577
Dodge: Dodged            |    52 |    48 |   257 |   650 |   171 ||  1178
       Rpst.: Great sword |       |       |     8 |       |       ||     8
